 Dungeon Crawl Stone Soup version 0.28-a0-793-g31680bbd8b (webtiles) character file.

Game seed: 1134289501071695701

319 Astera the Magician (level 6, -5/54 HPs)
             Began as a Troll Hedge Wizard on Nov 5, 2021.
             Was a Believer of Lugonu.
             Slain by a gnoll (9 damage)
             ... on level 3 of the Dungeon.
             The game lasted 00:07:20 (2228 turns).

Astera the Magician (Troll Hedge Wizard)            Turns: 2228, Time: 00:07:21

Health: -5/54      AC:  4    Str: 19    XL:     6   Next: 21%
Magic:  10/10      EV: 10    Int: 10    God:    Lugonu [**....]
Gold:   101        SH:  0    Dex: 11    Spells: 10/11 levels left

rFire   . . .      SeeInvis .   (no weapon)
rCold   . . .      Faith    .   (no shield)
rNeg    . . .      Spirit   .   b - +0 robe
rPois   .          Reflect  .   c - +0 hat
rElec   .          Harm     .   (no cloak)
rCorr   .          Rampage  .   (gloves unavailable)
Will    .....                   (boots unavailable)
Stlth   +.........              (no amulet)
HPRegen 1.18/turn               (no ring)
MPRegen 0.12/turn               (no ring)

@: no status effects
A: large, unfitting armour, claws 3, regeneration 1, shaggy fur 1, tough skin 1
a: Renounce Religion, Depart the Abyss, Bend Space


You were on level 3 of the Dungeon.
You worshipped Lugonu.
Lugonu was pleased with you.
You visited 1 branch of the dungeon, and saw 3 of its levels.

You collected 101 gold pieces.

Inventory:

Armour
 b - a +0 robe (worn)
 c - a +0 hat (worn)
Scrolls
 a - a scroll of brand weapon {unknown}
 e - 2 scrolls of identify {unknown}
 i - a scroll of silence {unknown}
 j - a scroll of teleportation {unknown}
 l - a scroll of enchant armour {unknown}
Potions
 d - a potion of mutation {unknown}
 f - a potion of brilliance {unknown}
 g - a potion of ambrosia {unknown}
 h - a potion of haste {unknown}
 k - a potion of cancellation {unknown}


   Skills:
 + Level 0.9 Fighting
 + Level 2.5 Dodging
 - Level 1.0 Stealth
 + Level 3.4 Spellcasting
 + Level 2.2 Conjurations
 + Level 0.7 Summonings
 + Level 0.6 Translocations
 + Level 0.6 Invocations


You had 10 spell levels left.
You knew the following spells:

 Your Spells              Type           Power      Damage    Failure   Level
a - Magic Dart            Conj           24%        1d4       11%         1

Your spell library contained the following spells:

 Spells                   Type           Power      Damage    Failure   Level
 Slow                     Hex            4%         N/A       26%         1
 Call Imp                 Summ           3%         N/A       30%         2
 Blink                    Tloc           4%         N/A       32%         2
 Conjure Flame            Conj/Fire      3%         6-21      45%         3
 Mephitic Cloud           Conj/Pois/Air  3%         N/A       52%         3
 Iskenderun's Battlesphe  Conj           6%         2d6       96%         5
 Fireball                 Conj/Fire      1%         3d3       99%         5
 Conjure Ball Lightning   Conj/Air       1%         3x3d6     100%        6
 Orb of Destruction       Conj           3%         9d1       100%        7


Dungeon Overview and Level Annotations

Branches:
Dungeon (3/15)

Altars:
Lugonu

Annotations:
Abyss:1 Grinder


Innate Abilities, Weirdness & Mutations

You are too large for most types of armour.
You have claws for hands.
Your natural rate of healing is unusually fast.
You are covered in fur. (AC +1)
You have tough skin. (AC +1)


Message History

2 gnolls come into view.
A gnoll comes into view. It is wielding a +0 flail.
The gnoll shouts! x2
A gnoll comes into view. It is wielding a +0 halberd.
The gnoll shouts!
You scratch the gnoll.
The gnoll is moderately wounded.
The gnoll hits you with a +0 flail.
You claw the gnoll!
The gnoll is almost dead.
The gnoll hits you with a +0 flail. The gnoll hits you with a +0 flail!
You scratch the gnoll.
You kill the gnoll!
Lugonu accepts your kill. The gnoll barely misses you.
The gnoll hits you with a +0 flail.
You claw the gnoll!
The gnoll is severely wounded.
The gnoll closely misses you. The gnoll barely misses you.
The gnoll hits you with a +0 flail! The gnoll hits you with a +0 flail!
You are too injured to fight recklessly!
You are too injured to fight recklessly!
You are too injured to fight recklessly!
You closely miss the gnoll. The gnoll hits you with a +0 flail.
The gnoll barely misses you.
You closely miss the gnoll.
The gnoll is severely wounded.
The gnoll hits you but does no damage. The gnoll hits you with a +0 flail.
You closely miss the gnoll.
The gnoll is severely wounded.
The gnoll hits you with a +0 flail!
* * * LOW HITPOINT WARNING * * *
The gnoll hits you with a +0 flail.
* * * LOW HITPOINT WARNING * * *
You closely miss the gnoll.
The gnoll is severely wounded.
The gnoll completely misses you. The gnoll hits you with a +0 flail!
* * * LOW HITPOINT WARNING * * *
The gnoll hits you with a +0 flail!
You die...

. .. #..<..P♣ ♣P..♣ # #.
#. ###..)P♣♣♣...♣♣♣
..#.##.####...P......P..
........................
.........#.#....PP.P... .
.......#.#.#..♣♣♣...♣♣♣
... #.?.......♣ ♣P.P♣ ♣
....###..##.....♣ ♣...♣♣♣
.......#@##.#..P...P.P.PP
......ggg##.#............
......)..##.############.
.....#...##.# # ....
#....... # ... #..###.# #
## #..# # #..# #### ....
....


You could see 3 gnolls.

Vanquished Creatures
  Robin (D:2)
  3 adders
  A gnoll (D:3)
  An adder skeleton (D:2)
  3 dart slugs
  4 orcs (D:3)
  2 bats (D:1)
  6 endoplasms
  A giant cockroach (D:1)
  13 goblins
  4 hobgoblins
  10 ball pythons
  3 frilled lizards
  4 kobolds
  11 rats
67 creatures vanquished.

Vanquished Creatures (others)
  14 plants (D:3)
14 creatures vanquished.

Grand Total: 81 creatures vanquished

Notes
Turn   | Place    | Note
-------+----------+-------------------------------------------
     0 | D:1      | Astera the Troll Hedge Wizard began the quest for the Orb.
     0 | D:1      | Reached XP level 1. HP: 16/16 MP: 2/2
   146 | D:1      | Reached XP level 2. HP: 24/24 MP: 4/4
   836 | D:1      | Found a faded altar of an unknown god.
   847 | D:1      | Prayed at the altar of an unknown god.
   847 | D:1      | Became a worshipper of Lugonu the Unformed
   847 | D:1      | Reached * piety under Lugonu
   847 | D:1      | Reached ** piety under Lugonu
  1143 | D:2      | Reached XP level 3. HP: 31/31 MP: 1/5
  1226 | D:2      | Noticed Robin
  1245 | D:2      | Reached skill level 1 in Conjurations
  1271 | D:2      | Killed Robin
  1317 | D:2      | Reached XP level 4. HP: 25/40 MP: 7/7
  2017 | D:3      | Reached skill level 3 in Spellcasting
  2090 | D:3      | Reached *** piety under Lugonu
  2119 | D:3      | Noticed Grinder
  2136 | D:3      | Banished Grinder
  2137 | D:3      | Reached XP level 5. HP: 13/46 MP: 3/9
  2137 | D:3      | Reached XP level 6. HP: 15/54 MP: 3/10
  2228 | D:3      | Slain by a gnoll

Illustrated notes

Levels and vault maps discovered:
D:1:      onia_arrival_handbag, layout_loops_ring, ebering_ecumenical_altar_box,
          nrook_uturn
D:2:      layout_basic, lemuel_another_geyser, uniq_robin
D:3:      layout_rooms, kennysheep_boxes, uniq_grinder

Skill      XL: |  1  2  3  4 |
---------------+-------------+-----
Conjurations   | 1 2 |  2.2
Spellcasting   | 3 |  3.4
Dodging        | 2 |  2.5
Fighting       | |  0.9
Stealth        | |  1.0
Summonings     | |  0.7
Translocations | |  0.6
Invocations    | |  0.6

Action                   |  1- 3 |  4- 6 || total
-------------------------+-------+-------++-------
Melee: Dagger            |    18 |       ||    18
       Unarmed           |    75 |    71 ||   146
 Cast: Magic Dart        |    44 |    10 ||    54
Invok: Banish            |       |     1 ||     1
 Stab: Distracted        |       |     1 ||     1
       Sleeping          |       |     1 ||     1
Armor: Robe              |    27 |    11 ||    38
Dodge: Dodged            |    42 |    26 ||    68

Table legend: (Time is in decaauts)
 A = Elapsed time spent in this place.
 B = Non-inter-level travel time spent in this place.
 C = Inter-level travel time spent in this place.
 D = Time resting spent in this place.
 E = Time spent auto-exploring this place.
 F = Levels seen in this place.
 G = Mean time per level.
                   A        B        C        D        E       F      G
               +--------+--------+--------+--------+--------+-----+--------+
         Total |   2227 |   2203 |     24 |     30 |   1557 |   3 |  742.3 |
       Dungeon |   2227 |   2203 |     24 |     30 |   1557 |   3 |  742.3 |
               +--------+--------+--------+--------+--------+-----+--------+

Top non-repeatable levels by time:
     D:1: 1085 daAuts
     D:2: 922 daAuts
     D:3: 219 daAuts
